 Dungeon Crawl Stone Soup version bcrawl-1.21.3 (webtiles) character file.

Game seed: 8985800398397871817

3239 Flugslaktarn the Cleaver (level 9, 0/59 HPs)
             Began as a Skeleton Archaeologist on Mar 30, 2020.
             Was an Initiate of Gozag.
             Slain by a manticore (5 damage)
             ... on level 8 of the Dungeon.
             The game lasted 00:05:27 (8473 turns).

Flugslaktarn the Cleaver (Skeleton Archaeologist)   Turns: 8473, Time: 00:05:28

Health: 0/59       AC: 26    Str: 27 (28) XL:     9   Next: 67%
Magic:  0/9        EV:  9    Int: 10 (12) God:    Gozag
Gold:   638        SH:  0    Dex:  3 (5)  Spells: 8/8 levels left

rFire    . . .     SeeInvis .   j - +0 hand axe
rCold    + . .     Gourm    .   (no shield)
rNeg     + + +     Faith    .   f - +8 chain mail of Contentment {MR++ Str+6 Dex-2}
rPois    ∞         Spirit   +   d - +0 helmet
rElec    .         Reflect  .   (no cloak)
rCorr    .         Harm     .   o - +2 pair of gloves
MR       +++..                  u - +2 pair of boots {Stlth++}
Stlth    ++........             n - amulet of the acrobat
HPRegen  0.19/turn              (no ring)
MPRegen  0.11/turn              (no ring)

@: gold aura
A: no food or potions, cold resistance 1, deterioration 1, negative energy
resistance 3, powered by death 1, torment resistance, unbreathing, magic shield,
sturdy frame 1, spell healing
a: Potion Petition, Call Merchant, Bribe Branch, Renounce Religion


You were on level 8 of the Dungeon.
You worshipped Gozag.
Gozag was pleased with you.
You were not hungry.

You visited 2 branches of the dungeon, and saw 9 of its levels.
You also visited: Ossuary.

You collected 2402 gold pieces.
You spent 1014 gold pieces at shops.
You paid 750 gold pieces to Gozag.

Inventory:

Hand Weapons
 a - a +0 whip
 j - a +0 hand axe (weapon)
   (You took it off an orc on level 3 of the Dungeon)
 q - a +0 dagger of chaos
   (You took it off Ijyb on level 4 of the Dungeon)
Armour
 d - a +0 helmet (worn)
   (You found it on level 7 of the Dungeon)
 f - the +8 chain mail of Contentment (worn) {MR++ Str+6 Dex-2}
   (You bought it in a shop on level 5 of the Dungeon)

   It affects your strength (+6).
   It affects your dexterity (-2).
   It affects your resistance to hostile enchantments.
 o - a +2 pair of gloves (worn)
   (You found it on level 2 of the Dungeon)
 u - a +2 pair of boots of stealth (worn)
   (You bought it in a shop on level 6 of the Dungeon)
Jewellery
 n - an amulet of the acrobat (around neck)
   (You found it on level 2 of the Dungeon)
Scrolls
 e - a scroll of magic mapping
 g - a scroll of enchant weapon
 r - 6 scrolls of identify
 s - 2 scrolls of immolation
 t - 8 scrolls of teleportation
 x - 7 scrolls of remove curse


   Skills:
 + Level 7.8 Fighting
 * Level 10.8 Axes
 - Level 1.2(7.0) Maces & Flails
 + Level 6.9 Armour
 - Level 3.0 Dodging
 - Level 3.6 Stealth


You had 8 spell levels left.
You didn't know any spells.
Your spell library was empty.

Dungeon Overview and Level Annotations

Branches:
Dungeon (8/12)             Temple (1/1) D:5            Lair (0/6) D:7
    Orc: D:8-11

Altars:
Ashenzari
Cheibriados
Dithmenos
Elyvilon
Gozag
Kikubaaqudgha
Lugonu
Makhleb
Nemelex Xobeh
Okawaru
Qazlal
Sif Muna
Trog
Uskayaw
Wu Jian
Yredelemnul
Zin
The Shining One

Shops:
D:4 %   D:5 %[   D:6 [


Innate Abilities, Weirdness & Mutations

You do not eat or drink.
You are immune to poison.
Your flesh is cold resistant. (rC+)
Your body sometimes deteriorates upon taking damage.
You are immune to negative energy. (rN+++)
You regenerate a little health from kills.
You are immune to unholy pain and torment.
You can survive without breathing.
When hurt, damage is shared between your health and your magic reserves.
Your movements are slightly less encumbered by armour. (ER -2)
Casting spells heals you.


Message History

You are too injured to fight recklessly!
You are too injured to fight recklessly!
You are too injured to fight recklessly!
You are too injured to fight recklessly!
You are too injured to fight recklessly!
You are too injured to fight recklessly!
You are too injured to fight recklessly!
You are too injured to fight recklessly!
You are too injured to fight recklessly!
You are too injured to fight recklessly!
You are too injured to fight recklessly!
You are too injured to fight recklessly!
You are too injured to fight recklessly!
You hit the manticore but do no damage.
The manticore is severely wounded.
The manticore bites you.
* * * LOW HITPOINT WARNING * * *
The manticore claws you.
You die...
Your body crumbles into a pile of gold.

.....o.....#
......o....#
...........#
.....%.....#
...........#
...........####
.^###.......oo# .
#.#######H# #. #@# #.
#.# #. #.# #######.#
#.......#######
#.########....#########
#.....................#
######...#.##.#######.#
#...#.....# #.#


You could see a manticore, an orc wizard and an orc.

Vanquished Creatures
  A two-headed ogre (D:8)
  A hungry ghost (D:6)
  2 crocodiles (D:7)
  Edmund (D:6)
  A porcupine (D:7)
  A sky beast (D:7)
  2 orc warriors (D:7)
  A black bear (D:7)
  2 ogres
  An eye of draining (D:7)
  2 bullfrogs
  2 big kobolds
  3 scorpions (D:7)
  A howler monkey (D:4)
  2 crimson imps
  A human zombie (Ossuary)
  2 hounds (D:7)
  A bullfrog zombie (D:7)
  An orc priest (D:7)
  A bullfrog skeleton (D:5)
  A centaur skeleton (D:7)
  6 iguanas
  3 worker ants
  Ijyb (D:4)
  3 orc wizards
  A big kobold zombie (Ossuary)
  A hound zombie (D:5)
  4 mummies (Ossuary)
  11 gnolls
  8 adders
  A shadow imp (D:5)
  An adder zombie (Ossuary)
  An adder skeleton (D:4)
  A worm (D:2)
  2 dart slugs
  7 leopard geckos
  16 orcs
  7 bats
  2 giant cockroaches
  9 goblins
  6 hobgoblins
  6 jackals (D:3)
  15 kobolds
  3 quokkas
  6 frilled lizards
  2 gnoll zombies (Ossuary)
  A goblin zombie (D:7)
  2 hobgoblin zombies (Ossuary)
  2 jackal zombies (Ossuary)
  An orc zombie (Ossuary)
  A quokka zombie (D:7)
  7 rats
  2 rat zombies (Ossuary)
  A fungus (D:7)
170 creatures vanquished.

Vanquished Creatures (others)
  6 fungi (D:7)
6 creatures vanquished.

Grand Total: 176 creatures vanquished

Notes
Turn   | Place    | Note
-------+----------+-------------------------------------------
     0 | D:1      | Flugslaktarn the Skeleton Archaeologist began the quest for
                  | the Orb.
     0 | D:1      | Reached XP level 1. HP: 12/12 MP: 1/1
   160 | D:1      | Reached XP level 2. HP: 17/17 MP: 2/2
  1008 | D:2      | Reached XP level 3. HP: 7/23 MP: 1/3
  2418 | D:3      | Reached XP level 4. HP: 29/29 MP: 4/4
  2948 | D:3      | Reached skill level 1 in Axes
  3179 | D:3      | Reached XP level 5. HP: 34/34 MP: 5/5
  3179 | D:3      | Identified a scroll of acquirement
  3385 | D:3      | Reached skill level 1 in Armour
  3579 | D:4      | Reached skill level 2 in Axes
  3725 | D:4      | Noticed Ijyb
  3752 | D:4      | Paralysed by Ijyb for 3 turns
  3783 | D:4      | Killed Ijyb
  4136 | D:4      | Reached skill level 3 in Axes
  4157 | D:4      | Found Jofiacw's Food Shoppe.
  4175 | D:4      | Gained mutation: You regenerate a little health from kills.
                  | [Skeleton growth]
  4175 | D:4      | Reached XP level 6. HP: 22/40 MP: 6/6
  4357 | D:4      | Found a snail-covered altar of Cheibriados.
  4428 | D:5      | Entered Level 5 of the Dungeon
  4436 | D:5      | Reached skill level 5 in Fighting
  4546 | D:5      | Reached skill level 4 in Axes
  4630 | D:5      | Found a staircase to the Ecumenical Temple.
  4652 | Temple   | Entered the Ecumenical Temple
  4809 | Temple   | Became a worshipper of Gozag Ym Sagoz the Greedy
  4810 | Temple   | Identified the +0 demon whip of the Living Dead {flame,
                  | rC+} (You acquired it in the Ecumenical Temple)
  4891 | D:5      | Reached XP level 7. HP: 39/44 MP: 7/7
  4930 | D:5      | Found Vadiq's Food Shoppe.
  5039 | D:5      | Reached skill level 5 in Axes
  5409 | D:5      | Bought the +8 chain mail of Contentment {MR++ Str+6 Dex-2}
                  | for 819 gold pieces
  5463 | D:6      | Found a sparkling altar of Nemelex Xobeh.
  5827 | D:6      | Noticed a hungry ghost
  5846 | D:6      | Killed a hungry ghost
  5846 | D:6      | Reached skill level 6 in Axes
  5951 | D:6      | Found Fusoad's Antique Armour Shop.
  5954 | D:6      | Bought a pair of glowing boots for 195 gold pieces
  6025 | D:6      | Noticed Edmund
  6042 | D:6      | Killed Edmund
  6042 | D:6      | Reached XP level 8. HP: 49/51 MP: 8/8
  6238 | D:7      | Found a sand-covered staircase.
  6262 | Ossuary  | Entered an ossuary
  6306 | Ossuary  | Reached skill level 7 in Axes
  6692 | D:7      | Reached skill level 5 in Armour
  6699 | D:7      | Reached skill level 8 in Axes
  7126 | D:7      | Reached skill level 9 in Axes
  7166 | D:7      | Found a snail-covered altar of Cheibriados.
  7248 | D:7      | Reached XP level 9. HP: 45/57 MP: 6/9
  7355 | D:7      | Found a staircase to the Lair.
  7462 | D:7      | Found an iron altar of Okawaru.
  8073 | D:7      | Reached skill level 10 in Axes
  8417 | D:8      | Noticed a two-headed ogre
  8431 | D:8      | Noticed a manticore
  8455 | D:8      | Killed a two-headed ogre
  8473 | D:8      | Slain by a manticore

Skill      XL: |  1  2  3  4  5  6  7  8  9 |
---------------+----------------------------+-----
Fighting       | 2 3 4 5 6 7 |  7.8
Axes           | 1 3 4 6 9 10 | 10.8
Armour         | 2 4 5 6 |  6.9
Maces & Flails | |  1.2
Dodging        | |  3.0
Stealth        | |  3.6

Action                   |  1- 3 |  4- 6 |  7- 9 || total
-------------------------+-------+-------+-------++-------
Melee: Whip              |   202 |   351 |       ||   553
       Dagger            |       |   197 |     2 ||   199
       Hand axe          |       |       |   486 ||   486
Invok: Call Merchant     |       |     1 |       ||     1
  Use: Scroll            |       |     1 |     9 ||    10
 Stab: Sleeping          |     5 |       |     7 ||    12
       Petrified         |       |     7 |       ||     7
       Paralysed         |       |     5 |       ||     5
       Invisible         |       |     1 |       ||     1
       Distracted        |       |       |     4 ||     4
Armor: Robe              |    22 |       |       ||    22
       Chain mail        |    72 |   268 |   239 ||   579
Dodge: Dodged            |    95 |   231 |   219 ||   545
